 Dungeon Crawl Stone Soup version 0.14-a0-586-g2535b90 (webtiles) character file.

8840 Malachi the Arsonist (level 11, -1/79 HPs)
             Began as a Lava Orc Fire Elementalist on Nov 3, 2013.
             Was a Believer of Kikubaaqudgha.
             Slain by Fannar
             ... wielding an uncursed staff of cold
              (26 damage)
             ... on Level 10 of the Dungeon.
             The game lasted 00:48:23 (13877 turns).

Malachi the Arsonist (Lava Orc Fire Elementalist)  Turns: 13877, Time: 00:48:23

HP  -1/79        AC  4     Str 12      XL: 11   Next:  7%
MP   2/20        EV 12     Int 18      God: Kikubaaqudgha [**....]
Gold 587         SH  0     Dex 11      Spells:  4 memorised,  3 levels left

Res.Fire  : + + +   See Invis. : .   w - +1,+5 dagger (pain)
Res.Cold  : x . .   Warding    : .   p - +0 robe {MR+}
Life Prot.: . . .   Conserve   : .   (no shield)
Res.Poison: .       Res.Corr.  : +   (no helmet)
Res.Elec. : .       Clarity    : .   k - +1 dwarf cloak
Sust.Abil.: . .     Spirit.Shd : .   (no gloves)
Res.Mut.  : .       Stasis     : .   (no boots)
Res.Rott. : .       Flight     : .   f - amulet of resist corrosion
Saprovore : + . .                    (no ring)
                                     (no ring)

@: very slightly contaminated, quite resistant to hostile enchantments,
unstealthy
A: conserve scrolls, saprovore 1
a: Receive Corpses, Renounce Religion


You were on level 10 of the Dungeon.
You worshipped Kikubaaqudgha.
Kikubaaqudgha was pleased with you.
You were not hungry.

You visited 2 branches of the dungeon, and saw 11 of its levels.

You collected 587 gold pieces.

Inventory:

Hand weapons
 d - a +2,+2 short sword of protection
 w - a +1,+5 dagger of pain (weapon)
 x - a +1,+1 whip of draining
 z - a +1,+0 whip of flaming
 G - a +0 elven blowgun
Missiles
 D - a throwing net [torn] (quivered)
 H - 31 poisoned needles
Armour
 k - a +1 dwarven cloak (worn)
 p - a +0 robe of magic resistance (worn)
Magical devices
 l - a wand of heal wounds (5)
 o - a wand of polymorph (18)
 y - a wand of slowing (7)
 F - a wand of digging (8) {unknown}
 I - a wand of fireball (2) {unknown}
 M - a wand of draining (0)
 O - a wand of flame (6)
Comestibles
 c - 5 meat rations
 C - 2 bread rations
Scrolls
 q - 4 scrolls of remove curse
 s - a scroll of identify
 B - 2 scrolls of magic mapping
 E - a scroll of amnesia
 K - a scroll of blinking
 N - 2 scrolls of teleportation
 Q - a scroll of recharging
Jewellery
 f - an amulet of resist corrosion (around neck)
 g - an uncursed ring of teleportation
 m - an uncursed ring of fire
Potions
 e - a potion of porridge
 h - a potion of agility
 i - 3 potions of curing
 n - a potion of cure mutation
 r - 2 potions of brilliance
 v - 6 potions of speed
 J - a potion of heal wounds
Books
 b - a book of Flames

   Spells                             Type                      Level
   *Flame Tongue                      Conjuration/Fire             1
   Throw Flame                        Conjuration/Fire             2
   *Conjure Flame                     Conjuration/Fire             3
   Inner Flame                        Hexes/Fire                   3
   *Sticky Flame                      Conjuration/Fire             4
   *Fireball                          Conjuration/Fire             5
 j - a book of Changes

   Spells                             Type                      Level
   Beastly Appendage                  Transmutation                1
   Sticks to Snakes                   Transmutation                2
   Spider Form                        Transmutation/Poison         3
   Ice Form                           Ice/Transmutation            4
   Blade Hands                        Transmutation                5
 t - Kikubaaqudgha's Almanac of Black Rituals
   (Kikubaaqudgha gifted it to you on level 8 of the Dungeon)

   Spells                             Type                      Level
   Pain                               Necromancy                   1
   Lethal Infusion                    Charms/Necromancy            2
   Corpse Rot                         Necromancy                   2
   Regeneration                       Charms/Necromancy            3
   Control Undead                     Necromancy                   4
 R - a book of the Earth

   Spells                             Type                      Level
   Dig                                Earth                        4
   Leda's Liquefaction                Hexes/Earth                  4
   Bolt of Magma                      Conjuration/Fire/Earth       5
   Statue Form                        Transmutation/Earth          6
   Iron Shot                          Conjuration/Earth            6
   Shatter                            Earth                        9
Miscellaneous
 u - a disc of storms


   Skills:
 - Level 3.1 Fighting
 - Level 3.0 Short Blades
 - Level 1.5 Dodging
 - Level 1.5 Stealth
 - Level 3.2 Spellcasting
 - Level 7.6 Conjurations
 * Level 9.1 Necromancy
 - Level 13.0 Fire Magic


You had 3 spell levels left.
You knew the following spells:

 Your Spells              Type           Power        Failure   Level  Hunger
a - Flame Tongue          Conj/Fire      #####        1%          1    None
b - Fireball              Conj/Fire      ######....   8%          5    #####..
c - Sticky Flame          Conj/Fire      ######..     2%          4    ####...
d - Conjure Flame         Conj/Fire      ######..     1%          3    ###....


Dungeon Overview and Level Annotations

Branches:
Dungeon (10/27)            Temple (1/1) D:6             Orc (0/4) D:8
   Lair: D:8-13

Altars:
Ashenzari
Cheibriados
Elyvilon
Fedhas
Kikubaaqudgha
Makhleb
Nemelex Xobeh
Okawaru
Sif Muna
Trog
Vehumet
Xom
Yredelemnul
Zin
the Shining One

Shops:
D:8 /

Annotations:
D:5 exclusion: player ghost, Malachi's ghost, experienced NaEn
D:10 Fannar


Innate Abilities, Weirdness & Mutations

You have stony skin.
Your flesh is almost immune to the effects of heat.
Your fire spells are more powerful.
Your flesh is vulnerable to cold.
Your heat harms attackers.
You bathe your surroundings in blazing heat.
You are too hot to use scrolls.
You are very good at protecting items from fire.
You can tolerate rotten meat.


Message History

You feel less protected. A searing pain shoots up your arm!
w - a +1,+5 dagger of pain (weapon)
You barely miss Fannar.
Fannar is severely wounded.
The hobgoblin shouts!
Fannar hits you with a staff of cold. Fannar freezes you!
You hit Fannar.
Fannar writhes in agony.
Fannar is severely wounded.
Fannar hits you with a staff of cold.
* * * LOW HITPOINT WARNING * * *
Fannar freezes you!
* * * LOW HITPOINT WARNING * * *
Fannar is singed by your heat.
Fannar is severely wounded.
Drink which item? (? for menu, Esc to quit)
You feel much better.
You're getting fired up.
Fannar hits you with a staff of cold. Fannar freezes you!
You die...
Kikubaaqudgha rasps: "You have failed me!
Welcome... death!"

..# #.# #....................
..# #.####'#####.#######.####
..# #.#........#.# #.# ..#
#.#....g..>#.#### #<# ..#
##.#........z<...# #.#
..######..'........#.##.####.#
..'.......#......z.#.!)......#
..#########.....ez.####.######
..# #.....@..# #.# ..#
#........# #.# ### ######'###
#.# #.# #.# ####.# #.# #....#
####.########
#.######>..........#
#.)................#
########.#########.#


You could see Fannar, 3 wights and a hobgoblin.

Vanquished Creatures
  Josephine (D:10)
  Nergalle (D:10)
  Pikel (D:6)
  Maurice (D:10)
  Grinder (D:3)
  A two-headed ogre (D:10)
  4 yaks (D:9)
  A hungry ghost (D:10)
  3 hippogriffs
  2 yellow wasps
  An orc warrior (D:8)
  3 ice beasts
  A black bear (D:8)
  3 centaurs
  3 phantoms
  9 ogres
  2 giant frogs (D:7)
  2 manticore skeletons
  3 killer bees (D:9)
  13 wights
  4 crimson imps
  A hound (D:10)
  2 goliath beetles
  2 jellies
  A yellow wasp zombie (D:9)
  A centaur zombie (D:10)
  A giant frog skeleton (D:7)
  5 iguanas
  A centaur skeleton (D:10)
  2 gnoll shamans
  4 orc wizards
  4 scorpions
  An orc priest (D:8)
  5 worker ants
  Jessica (D:3)
  A big kobold skeleton (D:10)
  2 hound skeletons
  24 gnolls
  A sky beast simulacrum (D:10)
  10 adders
  A giant mite (D:2)
  6 worms
  An adder skeleton (D:8)
  2 giant eyeballs
  8 giant geckos
  55 orcs
  2 ball pythons
  3 giant cockroaches
  11 hobgoblins
  9 jackals
  9 quokkas
  9 bats
  5 giant newts
  2 giant spores
  A gnoll skeleton (D:6)
  15 goblins
  23 kobolds
  2 kobold skeletons
  An orc skeleton (D:4)
  A quokka zombie (D:9)
  10 rats
  A rat zombie (D:7)
  A spectral orc (D:10)
  14 ballistomycetes
321 creatures vanquished.

Vanquished Creatures (others)
  4 slaves (D:6)
  A worker ant (D:6)
  2 orc wizards (D:6)
  A gnoll (D:6)
  An orc (D:6)
  2 giant spores (D:6)
11 creatures vanquished.

Grand Total: 332 creatures vanquished

Notes
Turn   | Place    | Note
--------------------------------------------------------------
     0 | D:1      | Malachi, the Lava Orc Fire Elementalist, began the quest for the Orb.
     0 | D:1      | Reached XP level 1. HP: 14/14 MP: 3/3
   335 | D:1      | Reached skill level 4 in Fire Magic
   433 | D:1      | Reached XP level 2. HP: 20/20 MP: 2/4
  1086 | D:2      | Reached skill level 5 in Fire Magic
  1086 | D:2      | Reached XP level 3. HP: 24/26 MP: 1/5
  1767 | D:3      | Learned a level 3 spell: Conjure Flame
  1771 | D:3      | Reached skill level 1 in Fighting
  1913 | D:3      | Reached XP level 4. HP: 33/33 MP: 1/7
  1936 | D:3      | Reached skill level 6 in Fire Magic
  1945 | D:3      | Noticed Grinder
  2256 | D:3      | Paralysed by Grinder for 3 turns
  2259 | D:3      | Killed Grinder
  2259 | D:3      | Reached skill level 1 in Short Blades
  2259 | D:3      | Reached skill level 8 in Fire Magic
  2259 | D:3      | Reached XP level 5. HP: 24/38 MP: 1/8
  2259 | D:3      | Reached XP level 6. HP: 29/46 MP: 1/9
  2789 | D:3      | Noticed Jessica
  2792 | D:3      | Killed Jessica
  2836 | D:3      | Noticed an ogre
  2840 | D:3      | Killed an ogre
  3227 | D:3      | Reached skill level 9 in Fire Magic
  3739 | D:4      | Reached XP level 7. HP: 48/51 MP: 6/10
  4560 | D:4      | Found a glowing golden altar of the Shining One.
  4671 | D:4      | Found a shattered altar of Ashenzari.
  4902 | D:4      | Reached skill level 10 in Fire Magic
  4923 | D:4      | Learned a level 4 spell: Sticky Flame
  4934 | D:5      | Entered Level 5 of the Dungeon
  5197 | D:5      | Noticed Malachi's ghost (experienced NaEn)
  5874 | D:5      | Reached XP level 8. HP: 56/59 MP: 9/12
  6499 | D:6      | Noticed Pikel
  6613 | D:6      | Killed Pikel
  6613 | D:6      | Reached skill level 11 in Fire Magic
  6822 | D:6      | Found a blossoming altar of Fedhas.
  6882 | D:6      | Reached skill level 5 in Conjurations
  7017 | D:6      | Reached XP level 9. HP: 57/66 MP: 2/13
  7489 | D:6      | Reached skill level 12 in Fire Magic
  7968 | D:6      | Found a staircase to the Ecumenical Temple.
  7995 | Temple   | Entered the Ecumenical Temple
  8153 | Temple   | Became a worshipper of Kikubaaqudgha
  9412 | D:7      | Reached skill level 13 in Fire Magic
  9683 | D:8      | Reached XP level 10. HP: 30/72 MP: 4/18
  9870 | D:8      | Acquired Kikubaaqudgha's first power
  9870 | D:8      | Received a gift from Kikubaaqudgha
  9873 | D:8      | Identified Kikubaaqudgha's Almanac of Black Rituals (Kikubaaqudgha gifted it to you on level 8 of the Dungeon)
 10067 | D:8      | Found Ythulyrch's Magical Wand Emporium.
 10188 | D:8      | Reached skill level 1 in Necromancy
 10213 | D:8      | Learned a level 5 spell: Fireball
 10286 | D:8      | Found a staircase to the Orcish Mines.
 10967 | D:8      | Paralysed by a potion of paralysis for 7 turns
 11513 | D:9      | Found a snail-covered altar of Cheibriados.
 11567 | D:9      | Acquired Kikubaaqudgha's second power
 11797 | D:9      | Reached skill level 5 in Necromancy
 12017 | D:9      | Found an iron altar of Okawaru.
 12017 | D:9      | Found a shimmering altar of Xom.
 12068 | D:10     | Entered Level 10 of the Dungeon
 12068 | D:10     | Noticed Nergalle
 12068 | D:10     | Noticed Fannar
 12273 | D:10     | Noticed Josephine
 12284 | D:10     | Killed Josephine
 13249 | D:10     | Noticed a spectral orc warlord
 13255 | D:10     | Killed Nergalle
 13255 | D:10     | Reached XP level 11. HP: 47/79 MP: 7/20
 13401 | D:10     | Noticed Maurice
 13414 | D:10     | Killed Maurice
 13536 | D:10     | Paralysed by a giant eyeball for 2 turns
 13877 | D:10     | Slain by Fannar

Action                   |  1- 3 |  4- 6 |  7- 9 | 10-12 || total
-------------------------+-------+-------+-------+-------++-------
Melee: Unarmed           |    14 |       |       |       ||    14
       Short sword       |    56 |    31 |   429 |   136 ||   652
       Dagger            |       |       |       |     2 ||     2
 Fire: Blowgun           |       |       |    27 |       ||    27
 Cast: Flame Tongue      |    51 |    69 |   258 |   186 ||   564
       Conjure Flame     |     1 |     2 |     1 |     2 ||     6
       Sticky Flame      |       |       |    18 |    16 ||    34
       Fireball          |       |       |       |    19 ||    19
Evoke: Wand              |       |     1 |     3 |     5 ||     9
  Use: Scroll            |     5 |     2 |     8 |     7 ||    22
       Potion            |       |       |     1 |     7 ||     8
 Stab: Sleeping          |     1 |     1 |     6 |       ||     8
